cohdb
Replays
Latest Replays
All Replays
Popular Replays
Top Player Replays
Match Explorer
How It Works
Community
CoH3 Stats
Reddit
Sign in to upload your games and track your stats! →
Sign in with Steam
Match 40379396
Unlisted
Match 40379396
Overview
Messages
Build Orders
End
Royal Engineer Section
Construct Section Command Post
Selects Canadian Shock Battlegroup
Infantry Section
Infantry Section
Infantry Section
Construct Platoon Command Post
Humber Armored Car
Selects Offensive Resupply
Selects Canadian Shock Section
Construct Field Infirmary
Selects Point Assault
Selects Incendiary Munitions
Grenade Package
Infantry Training
Selects Pyrotechnics
ML 3-inch Mortar Team
Canadian Shock Section
Bootyquake
♠♣ Kvothe ♠♣
0
0
Comments
sign in to comment!
No comments posted yet!